 Dungeon Crawl Stone Soup version 0.31.0-9-g3a7656b989 (webtiles) character file.

Game seed: 2594760806979396733

89 qw the Shooter (level 4, -1/22 HPs)
             Began as a Spriggan Hunter on Feb 2, 2024.
             Incinerated by a bombardier beetle (3 damage)
             ... with a burning spray
             ... on level 2 of the Dungeon.
             The game lasted 00:00:04 (1340 turns).

qw the Shooter (Spriggan Hunter)                    Turns: 1340, Time: 00:00:05

Health: -1/22      AC:  2    Str:  7    XL:     4   Next: 31%
Magic:  5/5        EV: 19    Int: 10    God:
Gold:   61         SH:  0    Dex: 20    Spells: 3/3 levels left

rFire   . . .        a - +0 shortbow
rCold   . . .        (shield currently unavailable)
rNeg    . . .        c - +0 robe
rPois   .            (helmet restricted)
rElec   .            (no cloak)
rCorr   .            (gloves unavailable)
SInv    +            (boots unavailable)
Will    .....        b - amulet of faith
Stlth   +            (no ring)
HPRegen 0.23/turn    (no ring)
MPRegen 0.09/turn

%: faith
@: on fire, glowing, very quick
A: very small, no large weapons, unfitting armour, see invisible, speed 3
a: no special abilities


You were on level 2 of the Dungeon.
You visited 1 branch of the dungeon, and saw 3 of its levels.

You collected 61 gold pieces.


Innate Abilities, Weirdness & Mutations

You are very small and have problems with some larger weapons.
You are too small for most types of armour.
You have supernaturally acute eyesight. (SInv)
You cover ground extremely quickly. (Speed+++)


   Skills:
 - Level 1.5 Fighting
 - Level 5.3 Ranged Weapons
 + Level 4.0 Dodging
 - Level 1.5 Stealth


You had 3 spell levels left.
You didn't know any spells.
Your spell library was empty.

Inventory:

Hand Weapons
 a - a +0 shortbow (weapon)
Armour
 c - a +0 robe (worn)
Jewellery
 b - an amulet of faith (around neck)
Potions
 d - 2 potions of enlightenment
 h - a potion of curing
 i - a potion of mutation {unknown}

Dungeon Overview and Level Annotations

Branches:
Dungeon (3/15)

Altars:

Shops:
D:2 *


Message History

1303 ||| READING scroll labelled ELETTYOKUE.
As you read the scroll labelled ELETTYOKUE, it crumbles to dust.
You hear a loud clanging noise!
It was a scroll of noise.
Done exploring.
What level of the Dungeon? (default 2, ? - help)
There is a stone staircase leading down here.
You climb downwards.
The jackal barks!
You hear a shout!
You hear a bark!
Found 12 gold pieces.
There is a stone staircase leading up here.
There are monsters nearby!
Waypoint 2 assigned to D:3.
1332 ||| STAIRDANCE You climb upwards.
There is a stone staircase leading down here.
You shoot an arrow. The arrow hits the bombardier beetle.
The bombardier beetle is moderately wounded.
The bombardier beetle sprays incendiary fluid at you.
The burning spray hits you.
You are covered in liquid fire!
You shoot an arrow.
The arrow barely misses the bombardier beetle.
The liquid fire burns you! The bombardier beetle misses you.
You shoot an arrow. The arrow hits the bombardier beetle!
The bombardier beetle is severely wounded.
The liquid fire burns you!
You shoot an arrow. The arrow hits the bombardier beetle.
You kill the bombardier beetle!
The liquid fire burns you!
Your Ranged Weapons skill increases to level 5!
You have reached level 4!
You are on fire!
The liquid fire burns you!
You are on fire!
The liquid fire burns you!
You are on fire!
The liquid fire burns you!
You die...

# #.## ##..## #.#...#.###. ####.#
#...# ##..\..##... ..##.## ##...#
#.#...#.#.#. ..###.###.#..#
#..#.#...... ..# ##...##..######
#...#.....#. #######...........#
##..#####)#. .........##.......#
##.# #)#. #######.###...###.# #.#
##.#. ###
#.###.....@.######.####.... #.##
#.......###.#..............
...####.####.............####....
........# ##.###.#.###### ###.#
...###### ##...##.# #.## ..##
##.###.# ##.# ..########## #.#
#.# ##. ......%....####.# #.#####
## ...######.....#.# #.#...#


There were no monsters in sight!

Vanquished Creatures
  A bombardier beetle (D:2)
  3 ribbon worms (D:2)
  4 ball pythons
  8 bats
  2 endoplasms
  2 giant cockroaches
  5 goblins
  2 hobgoblins (D:2)
  6 kobolds
  A quokka (D:2)
  4 frilled lizards
  4 rats
42 creatures vanquished.

Notes
Turn   | Place    | Note
-------+----------+-------------------------------------------
     0 | D:1      | qw the Spriggan Hunter began the quest for the Orb.
     0 | D:1      | Reached XP level 1. HP: 10/10 MP: 2/2
     0 | D:1      | 0 ||| qw: Version: 0.3-a-155-g5e7d8dd
     0 | D:1      | 0 ||| qw: Game counter: 720
     0 | D:1      | 0 ||| qw: Melee chars always use a shield: true
     0 | D:1      | 0 ||| qw: God list: Okawaru
     0 | D:1      | 0 ||| qw: Allow faded altars: false
     0 | D:1      | 0 ||| qw: Do Orc after clearing Dungeon:15 true
     0 | D:1      | 0 ||| qw: Do second Lair branch before Depths: true
     0 | D:1      | 0 ||| qw: Lair rune preference: random
     0 | D:1      | 0 ||| qw: Goals: Normal
     0 | D:1      | 0 ||| PLANNING D:1-11
    59 | D:1      | Reached skill level 3 in Dodging
   157 | D:1      | Reached XP level 2. HP: 14/14 MP: 3/3
   585 | D:1      | 585 ||| DROPPING ring of magical power.
   586 | D:1      | 586 ||| READING scroll labelled ZEPPIA YPUGI.
   590 | D:1      | 590 ||| READING scroll labelled FOHAZ ZOL JYCI.
   590 | D:1      | 590 ||| IDENTIFYING bubbling amethyst potion
   591 | D:1      | 591 ||| DRINKING 2 brown potions.
   592 | D:1      | 592 ||| DROPPING scroll of butterflies.
   712 | D:2      | Reached XP level 3. HP: 18/18 MP: 4/4
   887 | D:2      | Found Sarhugo's Assorted Antiques.
   894 | D:2      | 894 ||| SHOPLISTING blackened iron wand (84 gold, have 41).
   894 | D:2      | 894 ||| SHOPLISTING scroll of identify (42 gold, have 41).
   894 | D:2      | 894 ||| SHOPLISTING scroll of teleportation (63 gold, have
                  | 41).
  1298 | D:2      | 1298 ||| UPGRADING to amulet of faith.
  1303 | D:2      | 1303 ||| READING scroll labelled ELETTYOKUE.
  1332 | D:3      | 1332 ||| STAIRDANCE
  1338 | D:2      | Reached skill level 5 in Ranged Weapons
  1338 | D:2      | Reached XP level 4. HP: 7/22 MP: 5/5
  1338 | D:2      | HP: 5/22 [burnt (2)]
  1339 | D:2      | HP: 2/22 [burnt (4)]
  1340 | D:2      | Incinerated by a bombardier beetle

Levels and vault maps discovered:
D:1:      dpeg_arrival_fog, layout_loops_ring
D:2:      layout_loops_ring, serial_shops, nicolae_diamond_shop,
          kennysheep_generic_room_9
D:3:      layout_basic, nicolae_uskayaw_dance_hall, mainiacjoe_overflow_paths,
          shapermc_ecumenical_altar_mp_ritualfount, minivault_5

Skill      XL: |  1  2  3 |
---------------+----------+-----
Dodging        | 3 4 |  4.0
Ranged Weapons | 5 |  5.3
Fighting       | |  1.5
Stealth        | |  1.5

Action                     |  1- 3 |  4- 6 || total
---------------------------+-------+-------++-------
   Fire: Shortbow          |   127 |       ||   127
    Use: Scroll            |     3 |       ||     3
         Potion            |     1 |       ||     1
 Armour: Robe              |    12 |       ||    12
  Dodge: Dodged            |    34 |       ||    34

Table legend:
 A = Non-vault XP
 B = Vault XP
 C = Vault XP percentage of total XP
 D = Non-vault monster count
 E = Vault monster count
 F = Vault count percentage of total count
                 A         B        C        D         E       F
            +---------+---------+-------+---------+---------+-------
      Total |     125 |       3 |   2.3 |      40 |       2 |   4.8
            +---------+---------+-------+---------+---------+-------
        D:1 |      26 |       0 |   0.0 |      16 |       0 |   0.0
        D:2 |      99 |       3 |   2.9 |      24 |       2 |   7.7
            +---------+---------+-------+---------+---------+-------
